cohdb
Replays
Latest Replays
All Replays
Popular Replays
Top Player Replays
Match Explorer
How It Works
Community
CoH3 Stats
Reddit
Sign in to upload your games and track your stats! →
Sign in with Steam
Match 40102152
Unlisted
Match 40102152
Overview
Messages
Build Orders
End
Kradschützen Motorcycle Team
Panzerpioneer Squad
Selects Battlefield Espionage Battlegroup
250 Light Carrier
Construct Light Support Kompanie
Selects Intel Disruption Beacon
Assault Grenadier Squad
Combat Half-tracks
Fire Support Elements
Assault Grenadier Squad
Vehicle Survival Package
Selects 250/3 Funkpanzerwagen
2.5-tonne Medical Truck
Construct Panzerarmee Kommand
Pak 38 Mechanized Group
Selects Plunder
Panzer III L Medium Tank
Selects Advanced Ambush Training
250/3 Funkpanzerwagen
Panzer III L Medium Tank
Emergency Repair Kits
Walking Stuka Rocket Launcher
Pak 38 Anti-tank Gun Team
全斗焕親衛隊
ZIZI
kyoung5gi
Particycles
Svenious Jakobus (GB)
.
0
0
Comments
sign in to comment!
No comments posted yet!